[Event "World Senior chT-65 2019"]
[Site "Rhodes"]
[Date "2019.04.23"]
[Round "8.38"]
[White "Steedman, James"]
[Black "Titz, Heimo"]
[Result "1/2-1/2"]
[ECO "E42"]
[WhiteElo "2127"]
[BlackElo "2096"]
[Annotator "NA"]
[PlyCount "100"]
[EventDate "2019.04.16"]
[EventType "team-tourn"]
[EventCountry "GRE"]
[SourceTitle "playchess.com"]
[Source "ChessBase"]
[SourceQuality "1"]
[WhiteTeam "Norway"]
[BlackTeam "Austria"]
[WhiteTeamCountry "NOR"]
[BlackTeamCountry "AUT"]
[TimeControl "40/5400+30:1800+30"]

1. d4 Nf6 2. c4 e6 3. Nc3 Bb4 4. e3 c5 5. Nge2 cxd4 6. exd4 O-O 7. a3 Be7 8. Nf4 d5 9. cxd5 Nxd5 10. Ncxd5 exd5 11. Bd3 Nc6 12. O-O g6 13. Be3 Bf6 14. Rc1 Nxd4 {[%emt 0:15:14] E42: Nimzo-Indian: Rubinstein: 4...c5 5 Ne2} (14... Qd6 15. Rc5 Be6 16. Nxe6 Qxe6 17. Bb5 Rac8 18. Re1 Rfe8 19. Bd2 Qd7 20. Rxe8+ Qxe8 21. Be3 Qe6 22. h3 {½-½ (47) Babula,V (2522)-Yu,Y (2765) Porto Carras 2018}) 15. Bxd4 Bxd4 16. Bxg6 Bg7 17. Bb1 Qh4 18. g3 Qh6 19. Qxd5 $146 ({Predecessor:} 19. b4 Be6 20. Rc7 b5 21. Qe2 a6 22. Rfc1 {1-0 (48) Vekelis,G-Trani,F (1950) ICCF email 2007}) 19... Be6 20. Nxe6 fxe6 21. Qe4 Rac8 22. Rxc8 Rxc8 23. Ba2 Rc6 24. Rd1 Bf8 25. Rd7 Qh3 26. Qe3 Bh6 27. f4 Bf8 28. b4 a5 29. Rxb7 axb4 30. axb4 $18 Ra6 31. Bb1 Ra1 32. Qe4 Qf5 33. Qxf5 exf5 34. Rb5 Rxb1+ 35. Kg2 Rb2+ 36. Kh3 Bxb4 37. Rxf5 Be7 38. Rd5 Kf7 39. Kg4 Rxh2 40. Rh5 Rxh5 41. Kxh5 Kg7 42. g4 Bd6 43. f5 Bf4 44. g5 Bd2 45. Kg4 Kf8 46. Kh5 Be3 47. Kh6 Kg8 48. Kh5 Kg7 49. Kg4 Bd2 50. Kh5 Be3 1/2-1/2

[Event "World Senior chT-65 2019"]
[Site "Rhodes"]
[Date "2019.04.23"]
[Round "8.40"]
[White "Johnsen, Oystein"]
[Black "Danner, Lambert"]
[Result "1-0"]
[ECO "D00"]
[WhiteElo "1986"]
[BlackElo "2013"]
[Annotator "NA"]
[PlyCount "65"]
[EventDate "2019.04.16"]
[EventType "team-tourn"]
[EventCountry "GRE"]
[SourceTitle "playchess.com"]
[Source "ChessBase"]
[SourceQuality "1"]
[WhiteTeam "Norway"]
[BlackTeam "Austria"]
[WhiteTeamCountry "NOR"]
[BlackTeamCountry "AUT"]
[TimeControl "40/5400+30:1800+30"]

1. d4 d5 2. Bf4 Nf6 3. e3 Bf5 4. c4 e6 5. Nc3 c6 6. Qb3 Qb6 7. c5 Qxb3 8. axb3 Nbd7 9. b4 e5 10. Bg3 a6 11. b5 cxb5 12. Nxb5 Rc8 13. Nc3 exd4 14. exd4 Be6 15. b4 Ne4 16. Nxe4 dxe4 17. Ne2 Nf6 18. Nc3 Nd5 19. Nxd5 Bxd5 20. b5 axb5 21. Bxb5+ Bc6 22. Bxc6+ bxc6 23. O-O f5 24. f3 exf3 25. Rxf3 g6 26. Be5 Rg8 27. Ra7 Be7 28. Re3 Kd8 29. g3 h5 30. Bf4 Bf6 31. Kg2 Rg7 32. Rxg7 Bxg7 33. Bg5+ 1-0

[Event "World Senior chT-65 2019"]
[Site "Rhodes"]
[Date "2019.04.23"]
[Round "8.41"]
[White "Rantanen, Veikko"]
[Black "Maki, Christer"]
[Result "0-1"]
[ECO "E91"]
[WhiteElo "1971"]
[BlackElo "1885"]
[Annotator "NA RC"]
[PlyCount "94"]
[EventDate "2019.04.16"]
[EventType "team-tourn"]
[EventCountry "GRE"]
[SourceTitle "playchess.com"]
[Source "ChessBase"]
[SourceQuality "1"]
[WhiteTeam "Finland"]
[BlackTeam "Sweden"]
[WhiteTeamCountry "FIN"]
[BlackTeamCountry "SWE"]
[TimeControl "40/5400+30:1800+30"]

1. e4 (1. Nf3 Nf6 2. c4 b6 3. Nc3 Bb7 4. d4 g6 5. d5 Bg7 6. e4 O-O 7. Be2 e5 8. O-O d6 9. Be3 a5 10. Nd2 Nbd7 11. a3 Ne8 12. b4 f5 {0-1 (51) Kozul,Z (2613)-Bortnyk,O (2581) Doha 2016}) 1... g6 2. d4 Bg7 3. c4 d6 4. Nc3 Nf6 5. Nf3 O-O 6. Be2 b6 7. O-O Bb7 8. d5 e5 {[%emt 0:01:55] E91: King's Indian: Classical: 6 Be2, unusual replies including 6...c5 and 6...Bg4} 9. Bg5 h6 $146 ({Predecessor:} 9... Nbd7 10. Qd2 Re8 11. b4 h6 12. Bh4 a5 13. a3 c6 14. Rfc1 axb4 15. axb4 {1-0 (34) Raines,D (1198)-Goti,J (983) LSS email 2009}) 10. Be3 Ng4 11. Bd2 f5 12. h3 Nf6 13. exf5 gxf5 14. Nh4 Nh7 15. g3 Qf6 16. Nb5 Na6 17. Ng2 c6 18. Bc3 cxb5 19. cxb5 Nc5 20. f3 Qf7 21. Bc4 Rac8 22. b3 Ng5 23. Kh2 e4 24. Bxg7 Qxg7 25. Nh4 f4 26. g4 Nxf3+ 27. Nxf3 exf3 28. Rxf3 Rce8 29. Rb1 Bc8 30. Qc2 Re3 31. Rbf1 Rxf3 32. Rxf3 Nd7 33. Qf2 Qg5 34. Be2 Kh8 35. Rc3 Qe5 36. Rf3 Qxd5 37. Bc4 Qe5 38. Qc2 Kg7 39. Bd3 Bb7 40. Rf2 f3+ 41. Kg1 Qg3+ $19 {[%emt 0:02:08] Double Attack} 42. Kf1 Qxh3+ 43. Ke1 Rc8 44. Qb2+ Ne5 45. Qd4 Qxg4 46. Qxd6 Nxd3+ 47. Qxd3 Qe4+ 0-1

[Event "World Senior chT-65 2019"]
[Site "Rhodes"]
[Date "2019.04.23"]
[Round "8.42"]
[White "Wihlborn, Bengt"]
[Black "Ranki, Martti"]
[Result "1/2-1/2"]
[ECO "A13"]
[WhiteElo "1820"]
[BlackElo "1940"]
[Annotator "NA RC"]
[PlyCount "60"]
[EventDate "2019.04.16"]
[EventType "team-tourn"]
[EventCountry "GRE"]
[SourceTitle "playchess.com"]
[Source "ChessBase"]
[SourceQuality "1"]
[WhiteTeam "Sweden"]
[BlackTeam "Finland"]
[WhiteTeamCountry "SWE"]
[BlackTeamCountry "FIN"]
[TimeControl "40/5400+30:1800+30"]

1. Nf3 d5 2. c4 e6 3. e3 c5 4. cxd5 exd5 5. d4 Nc6 6. Be2 Nf6 7. O-O Be7 8. b3 O-O 9. Bb2 h6 {[%emt 0:04:15] A13: English Opening: 1...e6} (9... Bg4 10. Nc3 Rc8 11. Rc1 Bxf3 12. Bxf3 cxd4 13. exd4 Qa5 14. a3 Rfe8 15. b4 Qd8 16. Re1 Qd7 17. Qd3 Bf8 18. g3 {1-0 (66) Anton Guijarro,D (2642)-Tilicheev,V (2507) Skopje 2018}) 10. Nc3 Bf5 11. dxc5 Bxc5 12. Rc1 $146 ({Predecessor:} 12. Nb5 a6 13. Nbd4 Nxd4 14. Nxd4 Be4 15. Rc1 Qd6 16. Bf3 Bg6 17. Qe2 {½-½ (37) Schwammberger,E-Murati,A Zuerich 1997}) 12... Be7 13. Nb5 Rc8 14. Nbd4 Bd7 15. Rc2 Nxd4 16. Nxd4 Ne4 17. Rxc8 Qxc8 18. Qd3 Bf6 19. Rc1 Qd8 20. a3 Re8 21. b4 a6 22. Qb3 Be6 23. b5 Qb6 24. a4 axb5 25. Bxb5 Rd8 26. Qb4 Ra8 $11 27. f3 Nd6 28. Qc5 Qxc5 29. Rxc5 Nxb5 30. Rxb5 Rxa4 1/2-1/2

[Event "World Senior chT-65 2019"]
[Site "Rhodes"]
[Date "2019.04.23"]
[Round "8.43"]
[White "Alkkiomaki, Jyrki"]
[Black "Dalling, Peter"]
[Result "1/2-1/2"]
[ECO "C42"]
[WhiteElo "1908"]
[BlackElo "1830"]
[Annotator "NA RC"]
[PlyCount "84"]
[EventDate "2019.04.16"]
[EventType "team-tourn"]
[EventCountry "GRE"]
[SourceTitle "playchess.com"]
[Source "ChessBase"]
[SourceQuality "1"]
[WhiteTeam "Finland"]
[BlackTeam "Sweden"]
[WhiteTeamCountry "FIN"]
[BlackTeamCountry "SWE"]
[TimeControl "40/5400+30:1800+30"]

1. e4 e5 2. Nf3 Nf6 3. Nxe5 Nc6 4. Nxc6 dxc6 5. Nc3 Bc5 6. h3 Be6 7. d3 h6 8. Qe2 Qe7 9. Be3 Bb4 10. Bd2 O-O-O 11. a3 Ba5 12. g3 g5 13. Bg2 Rhg8 14. O-O-O Nd7 15. Kb1 Kb8 16. d4 Bxc3 17. Bxc3 Nb6 18. Rhe1 Bc4 19. Qf3 Qd7 20. b3 Ba6 21. d5 cxd5 22. exd5 Rg6 23. Bb4 Nc8 24. Qe3 Rgg8 25. Qe5 Rde8 26. Qf6 Rg6 27. Qd4 Rgg8 28. c4 Rxe1 29. Rxe1 Qf5+ 30. Ka1 Rd8 31. Kb2 b6 32. g4 Qd7 33. a4 Bb7 34. Qf6 Re8 35. Rxe8 Qxe8 36. Bf3 a5 37. Bc3 Qf8 38. Qh8 Qd6 39. Qe5 Qf8 40. Be4 Nd6 41. Bc2 Ba6 42. Bd4 Bxc4 1/2-1/2

[Event "World Senior chT-65 2019"]
[Site "Rhodes"]
[Date "2019.04.23"]
[Round "8.44"]
[White "Gunnarsson, Lennart"]
[Black "Kauko, Pekka"]
[Result "1-0"]
[ECO "D80"]
[WhiteElo "1752"]
[BlackElo "1902"]
[Annotator "NA RC"]
[PlyCount "103"]
[EventDate "2019.04.16"]
[EventType "team-tourn"]
[EventCountry "GRE"]
[SourceTitle "playchess.com"]
[Source "ChessBase"]
[SourceQuality "1"]
[WhiteTeam "Sweden"]
[BlackTeam "Finland"]
[WhiteTeamCountry "SWE"]
[BlackTeamCountry "FIN"]
[TimeControl "40/5400+30:1800+30"]

1. d4 d5 2. c4 c6 3. Nc3 Nf6 4. Bg5 g6 5. Bxf6 exf6 6. e3 Bg7 7. cxd5 cxd5 8. Qb3 O-O 9. Qxd5 Qe7 10. Qb3 Nc6 11. Be2 f5 12. Nf3 f4 13. Nd5 Qd8 14. Nxf4 Re8 15. Rd1 Bh6 16. g3 Na5 17. Qd5 Qb6 18. Ng5 Bxg5 19. Qxg5 Qb4+ 20. Kf1 Bf5 21. Nd5 Bh3+ 22. Kg1 Qxb2 23. Nf6+ Kg7 24. Nxe8+ Rxe8 25. Qb5 Qxa2 26. Bf3 Re6 27. Qe2 Qa4 28. Bg4 Bxg4 29. Qxg4 h5 30. Qe2 Rf6 31. d5 Nc4 32. Kg2 Nd6 33. Rd4 Qd7 34. e4 Nb5 35. Rd2 h4 36. Re1 h3+ 37. Kg1 Rd6 38. Qf3 f6 39. g4 Qc7 40. Qxh3 Qc4 41. Qd3 Qa4 42. h3 a6 43. g5 Qa5 44. gxf6+ Rxf6 45. e5 Rf3 46. Re3 Rf4 47. Rg3 Qa1+ 48. Kg2 Qxe5 49. Qxg6+ Kf8 50. Qg8+ Ke7 51. Rg7+ Kd6 52. Qb8+ {[%emt 0:00:19] Kxd5 [%emt 00:00:08]} 1-0

[Event "World Senior chT-65 2019"]
[Site "Rhodes"]
[Date "2019.04.24"]
[Round "9.1"]
[White "Renman, Nils-Gustaf"]
[Black "Sveshnikov, Evgeny"]
[Result "1/2-1/2"]
[ECO "D52"]
[WhiteElo "2358"]
[BlackElo "2481"]
[Annotator "ChessBase"]
[PlyCount "52"]
[EventDate "2019.04.16"]
[EventType "team-tourn"]
[EventCountry "GRE"]
[SourceTitle "playchess.com"]
[Source "ChessBase"]
[SourceQuality "1"]
[WhiteTeam "Sweden"]
[BlackTeam "Russia"]
[WhiteTeamCountry "SWE"]
[BlackTeamCountry "RUS"]
[TimeControl "40/5400+30:1800+30"]

1. d4 d5 2. Nf3 Nf6 3. c4 e6 4. Nc3 c6 5. Bg5 Nbd7 6. e3 Qa5 7. Nd2 dxc4 8. Bxf6 Nxf6 9. Nxc4 Qc7 10. Be2 Be7 11. O-O O-O 12. Rc1 Rd8 13. Qb3 Nd5 14. Bf3 Bd7 15. g3 Be8 16. Rfd1 Rac8 17. Ne4 Qb8 18. a3 b6 19. Qa2 a5 20. b3 h6 21. Qb2 Qa7 22. Ne5 c5 23. dxc5 bxc5 24. Nc3 Nxc3 25. Qxc3 Rxd1+ 26. Bxd1 Bf6 1/2-1/2

[Event "World Senior chT-65 2019"]
[Site "Rhodes"]
[Date "2019.04.24"]
[Round "9.4"]
[White "Pushkov, Nikolai"]
[Black "Hedin, Gunnar"]
[Result "1/2-1/2"]
[ECO "A81"]
[WhiteElo "2295"]
[BlackElo "2195"]
[Annotator "NA"]
[PlyCount "64"]
[EventDate "2019.04.16"]
[EventType "team-tourn"]
[EventCountry "GRE"]
[SourceTitle "playchess.com"]
[Source "ChessBase"]
[SourceQuality "1"]
[WhiteTeam "Russia"]
[BlackTeam "Sweden"]
[WhiteTeamCountry "RUS"]
[BlackTeamCountry "SWE"]
[TimeControl "40/5400+30:1800+30"]

1. d4 f5 2. Nf3 Nf6 3. g3 g6 4. Bg2 Bg7 5. O-O O-O 6. b4 Nc6 7. a3 Ne4 8. Bb2 d5 9. Nbd2 a6 10. Ne5 Nxe5 11. dxe5 Nxd2 12. Qxd2 c6 13. Bd4 Be6 14. f4 a5 15. Qe3 Qd7 16. Bb6 axb4 17. axb4 Rfc8 18. Qd4 Qe8 19. e3 Rxa1 20. Rxa1 Ra8 21. Bf1 Rxa1 22. Qxa1 Qb8 23. Be2 Kf7 24. h3 h5 25. Kf2 Kg8 26. Qa5 Kf7 27. Bd4 Qc8 28. Qa7 b5 29. Bc5 Bf8 30. c3 Qd7 31. Qb8 Qc8 32. Qa7 Qd7 1/2-1/2

[Event "World Senior chT-65 2019"]
[Site "Rhodes"]
[Date "2019.04.24"]
[Round "9.5"]
[White "Vaisser, Anatoli"]
[Black "Knaak, Rainer"]
[Result "1/2-1/2"]
[ECO "D36"]
[WhiteElo "2482"]
[BlackElo "2482"]
[Annotator "ChessBase"]
[PlyCount "31"]
[EventDate "2019.04.16"]
[EventType "team-tourn"]
[EventCountry "GRE"]
[SourceTitle "playchess.com"]
[Source "ChessBase"]
[SourceQuality "1"]
[WhiteTeam "France"]
[BlackTeam "Germany"]
[WhiteTeamCountry "FRA"]
[BlackTeamCountry "GER"]
[TimeControl "40/5400+30:1800+30"]

1. d4 d5 2. c4 e6 3. Nc3 Nf6 4. cxd5 exd5 5. Bg5 Be7 6. e3 Nbd7 7. Bd3 O-O 8. Nf3 c6 9. Qc2 Re8 10. O-O Nf8 11. Ne5 N6d7 12. Bxe7 Qxe7 13. Nxd7 Bxd7 14. b4 a6 15. a4 Qd6 16. Rab1 1/2-1/2

[Event "World Senior chT-65 2019"]
[Site "Rhodes"]
[Date "2019.04.24"]
[Round "9.6"]
[White "Vogt, Lothar"]
[Black "Sharif, Mehrshad"]
[Result "1/2-1/2"]
[ECO "C00"]
[WhiteElo "2362"]
[BlackElo "2331"]
[Annotator "ChessBase"]
[PlyCount "25"]
[EventDate "2019.04.16"]
[EventType "team-tourn"]
[EventCountry "GRE"]
[SourceTitle "playchess.com"]
[Source "ChessBase"]
[SourceQuality "1"]
[WhiteTeam "Germany"]
[BlackTeam "France"]
[WhiteTeamCountry "GER"]
[BlackTeamCountry "FRA"]
[TimeControl "40/5400+30:1800+30"]

1. e4 e6 2. d3 d5 3. Nd2 Nf6 4. Ngf3 Nc6 5. c3 e5 6. Be2 a5 7. O-O Be7 8. Re1 O-O 9. b3 Qd6 10. Bb2 Rd8 11. Qc2 dxe4 12. dxe4 Nh5 13. g3 1/2-1/2

[Event "World Senior chT-65 2019"]
[Site "Rhodes"]
[Date "2019.04.24"]
[Round "9.9"]
[White "Westerinen, Heikki M.J."]
[Black "Birnboim, Nathan"]
[Result "1/2-1/2"]
[ECO "B83"]
[WhiteElo "2286"]
[BlackElo "2365"]
[Annotator "NA"]
[PlyCount "66"]
[EventDate "2019.04.16"]
[EventType "team-tourn"]
[EventCountry "GRE"]
[SourceTitle "playchess.com"]
[Source "ChessBase"]
[SourceQuality "1"]
[WhiteTeam "Finland"]
[BlackTeam "Israel"]
[WhiteTeamCountry "FIN"]
[BlackTeamCountry "ISR"]
[TimeControl "40/5400+30:1800+30"]

1. e4 c5 2. Nf3 Nc6 3. d4 cxd4 4. Nxd4 Nf6 5. Nc3 e6 6. a3 d6 7. Be2 Be7 8. O-O O-O 9. Be3 Bd7 10. Qd2 a6 11. Rad1 Qc7 12. f4 Rac8 13. Nb3 Rfd8 14. Bf3 Be8 15. Qf2 Nd7 16. Rd2 Bf6 17. Rfd1 Be7 18. Be2 b5 19. f5 Rb8 20. g4 Nde5 21. g5 b4 22. axb4 Rxb4 23. h4 a5 24. Nd4 Nxd4 25. Bxd4 d5 26. exd5 Rxd4 27. Rxd4 Bc5 28. Ne4 Bxd4 29. Rxd4 Qxc2 30. dxe6 Rxd4 31. Qxd4 Qxe2 32. Qxe5 Qe1+ 33. Kg2 Qe2+ 1/2-1/2

[Event "World Senior chT-65 2019"]
[Site "Rhodes"]
[Date "2019.04.24"]
[Round "9.10"]
[White "Berkovich, Mark A"]
[Black "Rantanen, Yrjo A."]
[Result "1/2-1/2"]
[ECO "D05"]
[WhiteElo "2332"]
[BlackElo "2283"]
[Annotator "NA"]
[PlyCount "44"]
[EventDate "2019.04.16"]
[EventType "team-tourn"]
[EventCountry "GRE"]
[SourceTitle "playchess.com"]
[Source "ChessBase"]
[SourceQuality "1"]
[WhiteTeam "Israel"]
[BlackTeam "Finland"]
[WhiteTeamCountry "ISR"]
[BlackTeamCountry "FIN"]
[TimeControl "40/5400+30:1800+30"]

1. d4 d5 2. Nf3 Nf6 3. e3 e6 4. Bd3 c5 5. c3 Nc6 6. O-O Bd6 7. dxc5 Bxc5 8. Nbd2 a5 9. e4 e5 10. exd5 Qxd5 11. Qc2 Bg4 12. Bc4 Qd7 13. Bb5 Bd6 14. Re1 O-O 15. Nxe5 Qc7 16. Nxg4 Nxg4 17. Nf3 Bxh2+ 18. Kf1 Rae8 19. Bg5 Bf4 20. Qf5 Bxg5 21. Nxg5 Nf6 22. g3 Ng4 1/2-1/2

[Event "World Senior chT-65 2019"]
[Site "Rhodes"]
[Date "2019.04.24"]
[Round "9.11"]
[White "Hurme, Harri"]
[Black "Maryasin, Boris"]
[Result "0-1"]
[ECO "D20"]
[WhiteElo "2148"]
[BlackElo "2297"]
[Annotator "NA"]
[PlyCount "76"]
[EventDate "2019.04.16"]
[EventType "team-tourn"]
[EventCountry "GRE"]
[SourceTitle "playchess.com"]
[Source "ChessBase"]
[SourceQuality "1"]
[WhiteTeam "Finland"]
[BlackTeam "Israel"]
[WhiteTeamCountry "FIN"]
[BlackTeamCountry "ISR"]
[TimeControl "40/5400+30:1800+30"]

1. d4 d5 2. c4 dxc4 3. e3 e5 4. Bxc4 Nc6 5. Nf3 e4 6. Nfd2 Qg5 7. Kf1 Nf6 8. Nc3 Qg6 9. a3 Bd6 10. b4 O-O 11. Bb2 Bf5 12. Ne2 Ne7 13. Ng3 c6 14. Nxf5 Qxf5 15. Be2 Ned5 16. Kg1 h5 17. Nc4 Bc7 18. Qb3 Ng4 19. Rf1 b5 20. Nd2 a5 21. f3 exf3 22. Rxf3 Qe6 23. e4 axb4 24. Bf1 bxa3 25. Bxa3 Bb6 26. Bb2 Qe5 27. Rd3 Qf4 28. Nf3 Qxe4 29. h3 Nge3 30. Kf2 Rfe8 31. Be2 Nxg2 32. Bd1 Ngf4 33. Rd2 Qf5 34. Qc2 Nxh3+ 35. Kg3 Qg4+ 36. Kh2 Bc7+ 37. Ne5 Qh4 38. Kg2 Ne3+ 0-1

[Event "World Senior chT-65 2019"]
[Site "Rhodes"]
[Date "2019.04.24"]
[Round "9.12"]
[White "Lederman, Leon"]
[Black "Kivimaki, Jaakko"]
[Result "1-0"]
[ECO "C60"]
[WhiteElo "2281"]
[BlackElo "2165"]
[Annotator "NA"]
[PlyCount "79"]
[EventDate "2019.04.16"]
[EventType "team-tourn"]
[EventCountry "GRE"]
[SourceTitle "playchess.com"]
[Source "ChessBase"]
[SourceQuality "1"]
[WhiteTeam "Israel"]
[BlackTeam "Finland"]
[WhiteTeamCountry "ISR"]
[BlackTeamCountry "FIN"]
[TimeControl "40/5400+30:1800+30"]

1. e4 e5 2. Nf3 Nc6 3. Bb5 Nge7 4. O-O Ng6 5. c3 a6 6. Ba4 Be7 7. d4 d6 8. d5 b5 9. Bc2 Na5 10. a4 Bd7 11. Na3 Qc8 12. b4 Nc4 13. Nxc4 bxc4 14. Nd2 O-O 15. Nxc4 f5 16. exf5 Bxf5 17. Bxf5 Qxf5 18. Ne3 Qf7 19. c4 Nf4 20. Qc2 Qh5 21. f3 e4 22. Ra2 Bf6 23. Qxe4 Rae8 24. Qxf4 Be5 25. Qg4 Qxh2+ 26. Kf2 Rf6 27. Qh3 Qf4 28. Re2 Bd4 29. Rd1 Ba7 30. c5 Qxb4 31. Qd7 Ref8 32. Ng4 R6f7 33. Qe6 Bxc5+ 34. Be3 Qxa4 35. Rc1 Re8 36. Rc4 Qb5 37. Nh6+ gxh6 38. Rg4+ Kh8 39. Qxf7 Bxe3+ 40. Rxe3 1-0

[Event "World Senior chT-65 2019"]
[Site "Rhodes"]
[Date "2019.04.24"]
[Round "9.15"]
[White "Stebbings, Anthony J"]
[Black "Shushpanov, Vladimir"]
[Result "1-0"]
[ECO "B00"]
[WhiteElo "2281"]
[BlackElo "2180"]
[Annotator "NA"]
[PlyCount "26"]
[EventDate "2019.04.16"]
[EventType "team-tourn"]
[EventCountry "GRE"]
[SourceTitle "playchess.com"]
[Source "ChessBase"]
[SourceQuality "1"]
[WhiteTeam "England"]
[BlackTeam "Russia"]
[WhiteTeamCountry "ENG"]
[BlackTeamCountry "RUS"]
[TimeControl "40/5400+30:1800+30"]

1. d4 Nc6 2. e4 d5 3. Nc3 e5 4. Bb5 dxe4 5. dxe5 Qxd1+ 6. Kxd1 Bg4+ 7. Nge2 O-O-O+ 8. Ke1 Nxe5 9. Nxe4 Be7 10. Bf4 Rd5 11. N2c3 Bb4 12. a3 Bxc3+ 13. Nxc3 Rd6 1-0

[Event "World Senior chT-65 2019"]
[Site "Rhodes"]
[Date "2019.04.24"]
[Round "9.16"]
[White "Blechzin, Igor"]
[Black "Snape, Ian L"]
[Result "1/2-1/2"]
[ECO "E62"]
[WhiteElo "2210"]
[BlackElo "2154"]
[Annotator "NA"]
[PlyCount "64"]
[EventDate "2019.04.16"]
[EventType "team-tourn"]
[EventCountry "GRE"]
[SourceTitle "playchess.com"]
[Source "ChessBase"]
[SourceQuality "1"]
[WhiteTeam "Russia"]
[BlackTeam "England"]
[WhiteTeamCountry "RUS"]
[BlackTeamCountry "ENG"]
[TimeControl "40/5400+30:1800+30"]

1. c4 Nf6 2. Nc3 g6 3. g3 Bg7 4. d4 O-O 5. Bg2 d6 6. Nf3 Nc6 7. d5 Na5 8. Nd2 c6 9. O-O cxd5 10. cxd5 Bd7 11. Nf3 b5 12. a3 Rc8 13. Nd4 Qb6 14. h3 e5 15. dxe6 fxe6 16. Nb3 Nc4 17. Nd2 d5 18. a4 a6 19. axb5 axb5 20. Qb3 Kh8 21. Nxc4 Rxc4 22. Bd2 Nh5 23. e3 Nf6 24. Ne2 Ne4 25. Bb4 Rfc8 26. Rad1 Qa6 27. Bxe4 Rxe4 28. Bc3 Rec4 29. Bxg7+ Kxg7 30. Ra1 Ra4 31. Rac1 Rac4 32. Ra1 Ra4 1/2-1/2

[Event "World Senior chT-65 2019"]
[Site "Rhodes"]
[Date "2019.04.24"]
[Round "9.17"]
[White "Page, Mark E"]
[Black "Herzog, Adolf"]
[Result "1/2-1/2"]
[ECO "C01"]
[WhiteElo "2107"]
[BlackElo "2337"]
[Annotator "NA"]
[PlyCount "105"]
[EventDate "2019.04.16"]
[EventType "team-tourn"]
[EventCountry "GRE"]
[SourceTitle "playchess.com"]
[Source "ChessBase"]
[SourceQuality "1"]
[WhiteTeam "England"]
[BlackTeam "Austria"]
[WhiteTeamCountry "ENG"]
[BlackTeamCountry "AUT"]
[TimeControl "40/5400+30:1800+30"]

1. e4 e6 2. d4 d5 3. exd5 exd5 4. Nf3 Bd6 5. c4 c6 6. c5 Bc7 {[%emt 0:02:10] C01: French: Exchange Variation} 7. Bd3 Qe7+ (7... Ne7 8. Qc2 h6 9. O-O O-O 10. h3 b6 11. Re1 Re8 12. a3 Ba6 13. Bxa6 Nxa6 14. Be3 {1-0 (65) Moussard,J (2559)-Krishna,C (2399) Paris 2018}) 8. Be3 Bf4 $146 ({Predecessor:} 8... Nf6 9. O-O Ne4 10. Nc3 f5 11. Re1 O-O 12. Bg5 Qf7 13. Qc1 Nd7 14. Bf4 Bxf4 15. Qxf4 {½-½ (28) Wittig,F (2293)-Galje,H (2356) Remote email 2014}) 9. O-O Bxe3 10. fxe3 Bg4 11. Nc3 Nf6 12. Qd2 Nbd7 13. Rae1 Ne4 14. Qc2 f5 15. b4 a6 16. Bxe4 fxe4 17. Nd2 Nf6 18. a4 O-O 19. Nb3 Bd7 20. Qe2 Be8 21. h3 Qc7 22. Qf2 Bd7 23. Qf4 Qc8 24. Re2 Be6 25. Ref2 Rf7 26. Qg5 Kh8 27. Ne2 Qd7 28. Nf4 Raf8 29. Nh5 Nxh5 30. Qxh5 Bf5 31. Qh4 h6 32. g4 Bg6 33. Rxf7 Rxf7 34. Rxf7 Bxf7 35. Qg3 Be6 36. Kh2 Kh7 37. a5 Qf7 38. Kg2 Qf6 $11 39. Nd2 Qg5 40. Nf1 h5 41. Nh2 hxg4 42. hxg4 Bc8 43. Kf2 Be6 44. Qf4 Qh4+ 45. Qg3 g5 46. Kg2 Qxg3+ 47. Kxg3 Kg6 48. Nf1 Bc8 49. Nd2 Kf6 50. Nb1 Bd7 51. Nc3 Ke6 52. Kh3 Ke7 53. Ne2 1/2-1/2

[Event "World Senior chT-65 2019"]
[Site "Rhodes"]
[Date "2019.04.24"]
[Round "9.18"]
[White "Petschar, Kurt"]
[Black "James, Geoffrey H"]
[Result "0-1"]
[ECO "E19"]
[WhiteElo "2226"]
[BlackElo "2144"]
[Annotator "NA"]
[PlyCount "92"]
[EventDate "2019.04.16"]
[EventType "team-tourn"]
[EventCountry "GRE"]
[SourceTitle "playchess.com"]
[Source "ChessBase"]
[SourceQuality "1"]
[WhiteTeam "Austria"]
[BlackTeam "England"]
[WhiteTeamCountry "AUT"]
[BlackTeamCountry "ENG"]
[TimeControl "40/5400+30:1800+30"]

1. Nf3 Nf6 2. c4 b6 3. g3 Bb7 4. Bg2 e6 5. O-O Be7 6. Nc3 O-O 7. d4 Ne4 8. Qc2 Nxc3 9. Qxc3 f5 10. b3 Bf6 11. Bb2 d6 12. Qd2 Nd7 13. d5 Bxb2 14. Qxb2 e5 15. a3 Qf6 16. b4 a5 17. Nd2 e4 18. Qxf6 Rxf6 19. f4 Rff8 20. Nb3 axb4 21. axb4 b5 22. cxb5 Bxd5 23. Nd4 g6 24. Rfc1 Rxa1 25. Rxa1 Ra8 26. Rxa8+ Bxa8 27. Ne6 c6 28. g4 cxb5 29. gxf5 Nf6 30. fxg6 hxg6 31. Nd4 Kf7 32. Nxb5 Ke7 33. Nd4 Bd5 34. b5 Kd7 35. Bh3+ Kc7 36. e3 Kb6 37. Bc8 Bc4 38. h3 Bxb5 39. Nxb5 Kxb5 40. Be6 d5 41. Bf7 Kc4 42. Kf2 Kd3 43. Bxg6 Kd2 44. Bf7 d4 45. Bc4 dxe3+ 46. Kf1 Nh5 0-1

[Event "World Senior chT-65 2019"]
[Site "Rhodes"]
[Date "2019.04.24"]
[Round "9.19"]
[White "Bray, David"]
[Black "Singer, Hans"]
[Result "1/2-1/2"]
[ECO "E16"]
[WhiteElo "2121"]
[BlackElo "2195"]
[Annotator "NA"]
[PlyCount "37"]
[EventDate "2019.04.16"]
[EventType "team-tourn"]
[EventCountry "GRE"]
[SourceTitle "playchess.com"]
[Source "ChessBase"]
[SourceQuality "1"]
[WhiteTeam "England"]
[BlackTeam "Austria"]
[WhiteTeamCountry "ENG"]
[BlackTeamCountry "AUT"]
[TimeControl "40/5400+30:1800+30"]

1. d4 Nf6 2. c4 e6 3. Nf3 b6 4. g3 Bb7 5. Bg2 Bb4+ 6. Bd2 Bxd2+ 7. Nbxd2 O-O 8. O-O d6 9. Qc2 Nbd7 10. e4 e5 11. d5 c6 12. b4 Qc7 13. Qb2 Rac8 14. Rac1 Qb8 15. Rfe1 cxd5 16. cxd5 b5 17. Bh3 Rxc1 18. Rxc1 g6 19. Ne1 1/2-1/2

[Event "World Senior chT-65 2019"]
[Site "Rhodes"]
[Date "2019.04.24"]
[Round "9.20"]
[White "Ager, Josef"]
[Black "Stokes, Michael"]
[Result "1-0"]
[ECO "E98"]
[WhiteElo "2122"]
[BlackElo "2092"]
[Annotator "NA"]
[PlyCount "81"]
[EventDate "2019.04.16"]
[EventType "team-tourn"]
[EventCountry "GRE"]
[SourceTitle "playchess.com"]
[Source "ChessBase"]
[SourceQuality "1"]
[WhiteTeam "Austria"]
[BlackTeam "England"]
[WhiteTeamCountry "AUT"]
[BlackTeamCountry "ENG"]
[TimeControl "40/5400+30:1800+30"]

1. Nf3 Nf6 2. c4 d6 3. d4 g6 4. Nc3 Bg7 5. e4 O-O 6. Be2 e5 7. Be3 Nc6 8. O-O Bd7 9. d5 Ne7 10. Ne1 Ne8 11. Nd3 f5 12. a4 fxe4 13. Nxe4 Nf5 14. Bd2 Nd4 15. Re1 Qh4 16. f3 Bf6 17. Ra3 Ng7 18. Bf1 g5 19. Ndf2 Be7 20. a5 Rf7 21. b4 Raf8 22. Bc1 Bf5 23. Rc3 g4 24. g3 Qh5 25. fxg4 Bxg4 26. Qxg4 Qxg4 27. Nxg4 Nf3+ 28. Rxf3 Rxf3 29. Ne3 R3f7 30. Bh3 Kh8 31. c5 Ne8 32. Bb2 h5 33. b5 h4 34. b6 hxg3 35. hxg3 axb6 36. axb6 Bd8 37. bxc7 Nxc7 38. Nxd6 Rf3 39. Bxe5+ Kg8 40. Bg2 Rf2 41. Nxb7 1-0